Punishers vs Influenza

Created - February 27, 2018 at 19:00

Goals
1 2 3 T
Punishers 0 1 1 2
Influenza 3 0 1 4
Shots
1 2 3 T
Punishers 5 12 8 25
Influenza 13 11 8 32

1st period

1. Influenza , Charlie Coyle 10 (Jeff May 12, Dmitry Sinitsyn 14) at 12:19
2. Influenza , Jeremy Morin 37 (T.J Galiardi 37, Mark Scheifele 43) at 12:31
3. Influenza , Jimmy Vesey 15 (Charlie Coyle 20) at 18:42

Penalties :
Casey Cizikas (Pro) for Holding (Minor) at 14:13

2nd period

4. Punishers , Stefan Elliott 3 (David Laliberté 28, Tanner Glass 23) at 5:11 (PP)

Penalties :
David Laliberté (Pro) for Hooking (Minor) at 2:56, Jeremy Morin (VJB) for Holding (Minor) at 3:57, Tim Erixon (VJB) for Hooking (Minor) at 8:44, Beau Bennett (VJB) for Slashing (Minor) at 17:34

3rd period

5. Punishers , Robbie Earl 31 (Dylan DeMelo 1) at 2:36
6. Influenza , Mark Scheifele 34 (Matt Corrente 28, Jeremy Morin 38) at 3:23 (PP)

Penalties :
Stefan Elliott (Pro) for Interference (Minor) at 2:54, Stefan Elliott (Pro) for Holding (Minor) at 10:51

Goalie Stats

Niklas Svedberg (Pro), 28 saves from 32 shots - (0.875), L, 19-22-7, 60:00 minutes
Thomas McCollum (VJB), 23 saves from 25 shots - (0.920), W, 30-11-3, 60:00 minutes

Players Stats for Punishers

Player Name              G  A  P  +/- PIM S  H  SB GA TA FO     MP     PP MP  PK MP  
------------------------------------------------------------------------------------
Carter Ashton            0  0  0   0  0   2  0  2  0  0  0/0     9:05   0:00   0:00 
Casey Cizikas            0  0  0   0  2   1  2  0  0  0  6/10   14:55   1:38   0:00 
Damon Severson           0  0  0  -1  0   2  1  1  0  0  0/0    27:40   2:40   2:57 
Dan Bertram              0  0  0  -2  0   2  1  0  0  0  0/0     9:38   0:00   0:00 
David Laliberté          0  1  1   0  2   2  0  0  3  1  0/0    20:21   2:36   0:52 
Dylan DeMelo             0  1  1   0  0   1  0  1  0  0  0/0    12:43   0:00   1:00 
Erik Nystrom             0  0  0   0  0   0  2  1  0  0  0/1     9:05   0:00   0:00 
Garret Ross              0  0  0  -2  0   1  2  0  0  0  0/0    10:42   0:00   1:12 
Jordan Schmaltz          0  0  0  -1  0   0  0  2  0  0  0/0    19:53   1:34   2:31 
Luke Adam                0  0  0  -2  0   1  0  0  0  0  4/6    11:06   0:00   1:15 
Mattias Tedenby          0  0  0   0  0   1  2  0  2  0  0/0    14:51   1:38   0:00 
Oscar Sundqvist          0  0  0   0  0   0  0  0  0  0  0/0     1:41   0:16   0:00 
Patrick Wiercioch        0  0  0  -1  0   0  1  2  0  0  0/0    19:36   1:34   1:39 
Quinton Howden           0  0  0   0  0   3  0  0  1  0  1/2     9:05   0:00   0:00 
Radek Faksa              0  0  0   0  0   0  0  0  0  0  0/0     0:59   0:00   0:00 
Robbie Earl              1  0  1   0  0   1  4  2  1  1  1/3    23:14   2:20   3:21 
Stefan Elliott           1  0  1  -1  4   4  2  3  2  2  0/0    26:50   2:40   1:57 
Tanner Glass             0  1  1   0  0   0  3  0  2  0  0/1    16:23   1:54   0:55 
Trevor Van Riemsdyk      0  0  0   0  0   0  0  1  0  0  0/0    12:29   0:00   0:52 
Zack Hamill              0  0  0   0  0   4  2  4  1  0  25/37  23:14   2:20   3:21 

Players Stats for Influenza

Player Name              G  A  P  +/- PIM S  H  SB GA TA FO     MP     PP MP  PK MP  
------------------------------------------------------------------------------------
Beau Bennett             0  0  0   2  2   1  2  0  0  0  1/2    15:54   1:32   0:15 
Charlie Coyle            1  1  2   2  0   2  5  1  0  2  4/10   14:29   0:00   0:00 
Dmitry Sinitsyn          0  1  1   0  0   0  0  1  0  1  0/0    12:45   0:00   0:00 
Garnet Hathaway          0  0  0   0  0   1  0  0  0  0  0/0    11:21   0:16   0:00 
Iiro Pakarinen           0  0  0   0  0   2  0  0  1  1  0/1    11:52   0:16   1:21 
Jeff May                 0  1  1   0  0   1  0  3  0  0  0/0    18:33   1:41   2:30 
Jeremy Morin             1  1  2   0  2   4  0  1  0  1  0/2    21:37   3:39   2:19 
Jimmy Vesey              1  0  1   2  0   4  1  0  0  0  0/0    15:39   1:32   0:00 
Johan Larsson            0  0  0   0  0   1  0  0  0  0  0/0     8:34   0:00   0:00 
Jordan Schroeder         0  0  0   0  0   1  2  0  0  0  3/4    11:05   0:16   0:16 
Lane MacDermid           0  0  0   0  0   1  2  0  0  0  0/1    14:46   3:40   1:00 
Mark Olver               0  0  0   0  0   1  3  0  0  2  2/8    13:11   1:32   2:19 
Mark Scheifele           1  1  2   0  0   6  2  0  0  1  11/30  20:33   3:40   0:58 
Mathieu Carle            0  0  0   2  0   2  3  1  0  1  0/0    26:23   3:47   2:30 
Matt Corrente            0  1  1   0  0   4  0  0  0  1  0/0    22:32   3:47   1:44 
Paul Ladue               0  0  0   0  0   1  2  0  0  1  0/0    20:36   1:41   1:44 
T.J Galiardi             0  1  1   0  0   0  1  1  3  0  2/2    15:16   0:00   0:00 
Tim Erixon               0  0  0   2  2   0  3  1  0  1  0/0    19:39   0:00   0:00 

3 Stars

1 - Charlie Coyle (VJB)
2 - Mark Scheifele (VJB)
3 - Jimmy Vesey (VJB)

Power Play

Punishers - 1 on 3 Attempt(s) - 33.33%
Influenza - 1 on 4 Attempt(s) - 25.00%

Penalty Kill

Punishers - 3 on 4 Attempt(s) - 75.00% - Score 0 goal in Penalty Kill
Influenza - 2 on 3 Attempt(s) - 66.67% - Score 0 goal in Penalty Kill

Team Stat

Punishers - Hits : 22 - Faceoff Wins : 37 - Blocked Shots : 19 - Penalty Minutes : 8
Influenza - Hits : 26 - Faceoff Wins : 23 - Blocked Shots : 9 - Penalty Minutes : 6

Official

Referees : VanMassenhoven Don and McCauley Wes
Linesman : Mark Pare and Darren Gibbs

Game Notes

No Game Note

Finance

Level 1 -- Attendance: 1462 (73.10%) -- Ticket Income $58,480
Level 2 -- Attendance: 756 (75.60%) -- Ticket Income $15,120
Total Attendance: 2218 (73.93%)
Total Ticket Income: $73,600
Other Income: $3,680
Total Income: $77,280

Punishers

5 vs 5 Forward 
   Center                   Left Wing                Right Wing               Time % Phy DF OF 
 1 Zack Hamill              Robbie Earl              David Laliberté          40     1   2  2  
 2 Casey Cizikas            Tanner Glass             Mattias Tedenby          30     1   2  2  
 3 Luke Adam                Garret Ross              Dan Bertram              20     1   2  2  
 4 Quinton Howden           Erik Nystrom             Carter Ashton            10     1   2  2  

5 vs 5 Defense 
   Defense                  Defense                                           Time % Phy DF OF 
 1 Stefan Elliott           Damon Severson                                    40     1   2  2  
 2 Patrick Wiercioch        Jordan Schmaltz                                   30     1   2  2  
 3 Trevor Van Riemsdyk      Dylan DeMelo                                      20     1   2  2  
 4 Stefan Elliott           Damon Severson                                    10     1   2  2  

PowerPlay Forward 
   Center                   Left Wing                Right Wing               Time % Phy DF OF 
 1 Zack Hamill              Robbie Earl              David Laliberté          60     1   2  2  
 2 Casey Cizikas            Tanner Glass             Mattias Tedenby          40     1   2  2  

PowerPlay Defense
   Defense                  Defense                                           Time % Phy DF OF 
 1 Stefan Elliott           Damon Severson                                    60     1   2  2  
 2 Patrick Wiercioch        Jordan Schmaltz                                   40     1   2  2  

Penalty Kill 4 Players Forward 
   Center                   Wing                     Time % Phy DF OF 
 1 Zack Hamill              Robbie Earl              60     1   2  2  
 2 Tanner Glass             David Laliberté          40     1   2  2  

Penalty Kill 4 Players Defense
   Defense                  Defense                  Time % Phy DF OF 
 1 Stefan Elliott           Damon Severson           60     1   2  2  
 2 Patrick Wiercioch        Jordan Schmaltz          40     1   2  2  

Penalty Kill - 3 Players Forward 
   Forward                                           Time % Phy DF OF 
 1 Zack Hamill                                       60     1   2  2  
 2 Robbie Earl                                       40     1   2  2  

Penalty Kill - 3 Players Defense
   Defense                  Defense                  Time % Phy DF OF 
 1 Stefan Elliott           Damon Severson           60     1   2  2  
 2 Patrick Wiercioch        Jordan Schmaltz          40     1   2  2  

4 vs 4 Forward 
   Center                   Wing                     Time % Phy DF OF 
 1 Zack Hamill              Robbie Earl              60     1   2  2  
 2 Tanner Glass             David Laliberté          40     1   2  2  

4 vs 4 Defense
   Defense                  Defense                  Time % Phy DF OF 
 1 Stefan Elliott           Damon Severson           60     1   2  2  
 2 Patrick Wiercioch        Jordan Schmaltz          40     1   2  2  

Last Minutes Offensive
   Center                   Left Wing                Right Wing               Defense                  Defense                  
   Zack Hamill              Robbie Earl              David Laliberté          Stefan Elliott           Damon Severson           

Last Minutes Defensive
   Center                   Left Wing                Right Wing               Defense                  Defense                  
   Zack Hamill              Robbie Earl              David Laliberté          Stefan Elliott           Damon Severson           

Goaltenders
Starting : Niklas Svedberg          
Backup : Louis Domingue           

Extra Forwards
Normal : Oscar Sundqvist, Radek Faksa, Luke Adam - PP : Oscar Sundqvist, Radek Faksa - PK : Luke Adam
Extra Defensemen
Normal : Trevor Van Riemsdyk, Dylan DeMelo, Patrick Wiercioch - PP : Trevor Van Riemsdyk - PK : Dylan DeMelo, Patrick Wiercioch
Penalty Shots
Zack Hamill, Robbie Earl, Tanner Glass, David Laliberté, Casey Cizikas

Scratches
Miikka Salomaki (Abdomen/Ribs Injury), David Rundblad (Sports Hernia Injury), Colton Gillies (Bruised Left Shoulder Injury)

Influenza

5 vs 5 Forward 
   Center                   Left Wing                Right Wing               Time % Phy DF OF 
 1 Mark Scheifele           T.J Galiardi             Jeremy Morin             40     1   2  2  
 2 Charlie Coyle            Jimmy Vesey              Beau Bennett             30     1   2  2  
 3 Mark Olver               Lane MacDermid           Garnet Hathaway          20     1   2  2  
 4 Jordan Schroeder         Johan Larsson            Iiro Pakarinen           10     1   2  2  

5 vs 5 Defense 
   Defense                  Defense                                           Time % Phy DF OF 
 1 Mathieu Carle            Tim Erixon                                        40     1   2  2  
 2 Matt Corrente            Paul Ladue                                        30     1   2  2  
 3 Jeff May                 Dmitry Sinitsyn                                   20     1   2  2  
 4 Mathieu Carle            Tim Erixon                                        10     1   2  2  

PowerPlay Forward 
   Center                   Left Wing                Right Wing               Time % Phy DF OF 
 1 Mark Scheifele           Lane MacDermid           Jeremy Morin             60     1   2  2  
 2 Mark Olver               Jimmy Vesey              Beau Bennett             40     1   2  2  

PowerPlay Defense
   Defense                  Defense                                           Time % Phy DF OF 
 1 Mathieu Carle            Matt Corrente                                     60     1   2  2  
 2 Jeff May                 Paul Ladue                                        40     1   2  2  

Penalty Kill 4 Players Forward 
   Center                   Wing                     Time % Phy DF OF 
 1 Mark Olver               Jeremy Morin             60     1   2  2  
 2 Mark Scheifele           Beau Bennett             40     1   2  2  

Penalty Kill 4 Players Defense
   Defense                  Defense                  Time % Phy DF OF 
 1 Mathieu Carle            Jeff May                 60     1   2  2  
 2 Matt Corrente            Paul Ladue               40     1   2  2  

Penalty Kill - 3 Players Forward 
   Forward                                           Time % Phy DF OF 
 1 Mark Olver                                        60     1   2  2  
 2 Mark Scheifele                                    40     1   2  2  

Penalty Kill - 3 Players Defense
   Defense                  Defense                  Time % Phy DF OF 
 1 Mathieu Carle            Jeff May                 60     1   2  2  
 2 Matt Corrente            Paul Ladue               40     1   2  2  

4 vs 4 Forward 
   Center                   Wing                     Time % Phy DF OF 
 1 Mark Scheifele           Jeremy Morin             60     1   2  2  
 2 Mark Olver               Beau Bennett             40     1   2  2  

4 vs 4 Defense
   Defense                  Defense                  Time % Phy DF OF 
 1 Mathieu Carle            Jeff May                 60     1   2  2  
 2 Matt Corrente            Paul Ladue               40     1   2  2  

Last Minutes Offensive
   Center                   Left Wing                Right Wing               Defense                  Defense                  
   Mark Scheifele           Jimmy Vesey              Jeremy Morin             Mathieu Carle            Matt Corrente            

Last Minutes Defensive
   Center                   Left Wing                Right Wing               Defense                  Defense                  
   Mark Scheifele           Lane MacDermid           Jeremy Morin             Mathieu Carle            Matt Corrente            

Goaltenders
Starting : Thomas McCollum          
Backup : Tyson Sexsmith           

Extra Forwards
Normal : Garnet Hathaway, Jordan Schroeder, Iiro Pakarinen - PP : Garnet Hathaway, Jordan Schroeder - PK : Iiro Pakarinen
Extra Defensemen
Normal : Matt Corrente, Mathieu Carle, Jeff May - PP : Matt Corrente - PK : Mathieu Carle, Jeff May
Penalty Shots
Jeremy Morin, Mark Olver, Beau Bennett, Mark Scheifele, Garnet Hathaway

Scratches
Jacob Josefson (Healthy), Jamie Devane (Healthy), Joe Morrow (Healthy), Fredric Larsson (Healthy), Tom Kuhnhackl (Healthy)
Oskars Bartulis (Healthy), Rocco Grimaldi (Healthy), Ryan Sproul (Healthy), Josh Andrerson (Healthy), Jesse Graham (Healthy)
Vince Rocco (Healthy), Nikita Gusev (Healthy), Jamie Phillips (Healthy)

% Time on Ice - Punishers

Lines # - Real PCT - Wanted PCT - Time Play
Normal Forward
1 - 36% - 40% - 17:39
2 - 28% - 30% - 13:35
3 - 18% - 20% - 9:01
4 - 18% - 10% - 9:05
Normal Defense
1 - 38% - 40% - 18:34
2 - 35% - 30% - 17:04
3 - 23% - 20% - 11:34
4 - 4% - 10% - 2:08
PP Forward
1 - 55% - 60% - 2:20
2 - 45% - 40% - 1:54
PP Defense
1 - 63% - 60% - 2:40
2 - 37% - 40% - 1:34
PK Forward
1 - 83% - 60% - 4:33
2 - 17% - 40% - 0:55
PK Defense
1 - 70% - 60% - 3:49
2 - 30% - 40% - 1:39
PK3 Forward
1 - 0% - 60%
2 - 0% - 40%
PK3 Defense
1 - 0% - 60%
2 - 0% - 40%
44 Forward
1 - 64% - 60% - 0:37
2 - 36% - 40% - 0:21
44 Defense
1 - 74% - 60% - 0:43
2 - 26% - 40% - 0:15
Last Minute Offensive  - 0:00
Last Minute Defensive  - 0:00
Total
Forward - 60:00
Defense - 60:00

% Time on Ice - Influenza

Lines # - Real PCT - Wanted PCT - Time Play
Normal Forward
1 - 33% - 40% - 16:17
2 - 32% - 30% - 15:53
3 - 18% - 20% - 8:48
4 - 17% - 10% - 8:22
Normal Defense
1 - 38% - 40% - 18:30
2 - 33% - 30% - 16:02
3 - 28% - 20% - 13:37
4 - 2% - 10% - 1:11
PP Forward
1 - 72% - 60% - 3:56
2 - 28% - 40% - 1:32
PP Defense
1 - 69% - 60% - 3:47
2 - 31% - 40% - 1:41
PK Forward
1 - 80% - 60% - 3:23
2 - 20% - 40% - 0:51
PK Defense
1 - 59% - 60% - 2:30
2 - 41% - 40% - 1:44
PK3 Forward
1 - 0% - 60%
2 - 0% - 40%
PK3 Defense
1 - 0% - 60%
2 - 0% - 40%
44 Forward
1 - 100% - 60% - 0:58
2 - 0% - 40% - 0:00
44 Defense
1 - 74% - 60% - 0:43
2 - 26% - 40% - 0:15
Last Minute Offensive  - 0:00
Last Minute Defensive  - 0:00
Total
Forward - 60:00
Defense - 60:00

Play by Play

1st period


0:01 of 1st period - Zack Hamill wins face-off versus Mark Scheifele in neutral zone.
1:12 of 1st period - Wrist shot by Quinton Howden.
1:12 of 1st period - Shot Misses the Net.
1:14 of 1st period - Slapshot by Carter Ashton.
1:14 of 1st period - Stopped by Thomas McCollum with a rebound.
1:38 of 1st period - Wrist shot by Mark Scheifele.
1:38 of 1st period - Deflect By Robbie Earl.
1:38 of 1st period - Shot Blocked by Robbie Earl.
1:38 of 1st period - Puck is out of play.
1:39 of 1st period - Casey Cizikas wins face-off versus Charlie Coyle in Punishers zone.
1:48 of 1st period - Backhand shot by Casey Cizikas.
1:48 of 1st period - Shot Misses the Net.
1:50 of 1st period - Slapshot by Dylan DeMelo.
1:50 of 1st period - Shot Blocked by Mathieu Carle.
1:52 of 1st period - Slapshot by Dylan DeMelo.
1:52 of 1st period - Stopped by Thomas McCollum without a rebound.
1:53 of 1st period - Mark Scheifele wins face-off versus Zack Hamill in Influenza zone.
2:47 of 1st period - Tanner Glass is hit by Charlie Coyle and loses puck.
3:11 of 1st period - Snap shot by Jordan Schroeder.
3:11 of 1st period - Shot Misses the Net.
3:21 of 1st period - Jeff May is hit by Robbie Earl.
3:24 of 1st period - Off-side.
3:25 of 1st period - Mark Scheifele wins face-off versus Zack Hamill in neutral zone.
3:43 of 1st period - Jeremy Morin is hit by Robbie Earl and loses puck.
4:40 of 1st period - Snap shot by Jeremy Morin.
4:40 of 1st period - Stopped by Niklas Svedberg without a rebound.
4:41 of 1st period - Casey Cizikas wins face-off versus Charlie Coyle in Punishers zone.
5:06 of 1st period - Luke Adam is hit by Lane MacDermid and loses puck.
5:45 of 1st period - Charlie Coyle is hit by Mattias Tedenby and loses puck.
6:06 of 1st period - Stefan Elliott is hit by Mark Olver and loses puck.
7:40 of 1st period - Trevor Van Riemsdyk is hit by Beau Bennett and loses puck.
8:03 of 1st period - Garret Ross is hit by Tim Erixon and loses puck.
8:36 of 1st period - Dylan DeMelo is hit by Charlie Coyle and loses puck.
8:58 of 1st period - Trevor Van Riemsdyk is hit by Tim Erixon and loses puck.
10:14 of 1st period - Stefan Elliott is hit by Tim Erixon and loses puck.
11:28 of 1st period - Snap shot by Garnet Hathaway.
11:28 of 1st period - Stopped by Niklas Svedberg without a rebound.
11:29 of 1st period - Mark Olver wins face-off versus Casey Cizikas in Punishers zone.
11:52 of 1st period - Mathieu Carle is hit by Zack Hamill and loses puck.
12:03 of 1st period - Slapshot by Mark Scheifele.
12:03 of 1st period - Stopped by Niklas Svedberg without a rebound.
12:04 of 1st period - Luke Adam wins face-off versus Charlie Coyle in Punishers zone.
12:11 of 1st period - Wrist shot by Jimmy Vesey.
12:11 of 1st period - Stopped by Niklas Svedberg with a rebound.
12:13 of 1st period - Snap shot by Dmitry Sinitsyn.
12:13 of 1st period - Shot Misses the Net.
12:15 of 1st period - Slapshot by Jeff May.
12:15 of 1st period - Stopped by Niklas Svedberg with a rebound.
12:17 of 1st period - Wrist shot by Charlie Coyle.
12:17 of 1st period - Shot Blocked by Trevor Van Riemsdyk.
12:19 of 1st period - Snap shot by Charlie Coyle.
12:19 of 1st period - Goal by Charlie Coyle - Punishers : 0 - Influenza : 1.
12:20 of 1st period - Mark Scheifele wins face-off versus Zack Hamill in neutral zone.
12:31 of 1st period - Snap shot by Jeremy Morin.
12:31 of 1st period - Goal by Jeremy Morin - Punishers : 0 - Influenza : 2.
12:32 of 1st period - Zack Hamill wins face-off versus Mark Scheifele in neutral zone.
12:57 of 1st period - Jimmy Vesey is hit by Casey Cizikas and loses puck.
13:16 of 1st period - Wrist shot by Mark Olver.
13:16 of 1st period - Stopped by Niklas Svedberg without a rebound.
13:17 of 1st period - Luke Adam wins face-off versus Mark Olver in Punishers zone.
13:22 of 1st period - Snap shot by Dan Bertram.
13:22 of 1st period - Stopped by Thomas McCollum without a rebound.
13:23 of 1st period - Zack Hamill wins face-off versus Mark Scheifele in Influenza zone.
13:34 of 1st period - David Laliberté is hit by Mathieu Carle and loses puck.
13:51 of 1st period - Snap shot by Jimmy Vesey.
13:51 of 1st period - Stopped by Niklas Svedberg without a rebound.
13:52 of 1st period - Charlie Coyle wins face-off versus Casey Cizikas in Punishers zone.
14:13 of 1st period - Minor Penalty to Casey Cizikas for Holding.
14:14 of 1st period - Zack Hamill wins face-off versus Mark Scheifele in Punishers zone.
14:27 of 1st period - Snap shot by Mark Scheifele.
14:27 of 1st period - Stopped by Niklas Svedberg with a rebound.
14:29 of 1st period - Wrist shot by Mark Scheifele.
14:29 of 1st period - Shot Blocked by Zack Hamill.
15:52 of 1st period - Mark Scheifele is hit by Garret Ross and loses puck.
16:13 of 1st period - Penalty to Casey Cizikas is over, Casey Cizikas is back on ice.
16:35 of 1st period - Jeff May is hit by Tanner Glass and loses puck.
18:34 of 1st period - Icing by Jordan Schmaltz.
18:35 of 1st period - Charlie Coyle wins face-off versus Luke Adam in Punishers zone.
18:36 of 1st period - Slapshot by Mathieu Carle.
18:36 of 1st period - Shot Blocked by Patrick Wiercioch.
18:42 of 1st period - Snap shot by Jimmy Vesey.
18:42 of 1st period - Goal by Jimmy Vesey - Punishers : 0 - Influenza : 3.
18:43 of 1st period - Mark Scheifele wins face-off versus Robbie Earl in neutral zone.
18:52 of 1st period - Slapshot by Damon Severson.
18:52 of 1st period - Shot Blocked by Tim Erixon.
18:54 of 1st period - Slapshot by Zack Hamill.
18:54 of 1st period - Stopped by Thomas McCollum with a rebound.
18:56 of 1st period - Snap shot by Zack Hamill.
18:56 of 1st period - Stopped by Thomas McCollum with a rebound.
18:58 of 1st period - Slapshot by Stefan Elliott.
18:58 of 1st period - Deflect By David Laliberté.
18:58 of 1st period - Shot Blocked by T.J Galiardi.
18:58 of 1st period - Puck is out of play.
18:59 of 1st period - Charlie Coyle wins face-off versus Casey Cizikas in Influenza zone.
19:08 of 1st period - Slapshot by Mathieu Carle.
19:08 of 1st period - Stopped by Niklas Svedberg with a rebound.
19:10 of 1st period - Snap shot by Charlie Coyle.
19:10 of 1st period - Stopped by Niklas Svedberg without a rebound.
19:11 of 1st period - Mark Scheifele wins face-off versus Zack Hamill in Punishers zone.
19:12 of 1st period - Wrist shot by T.J Galiardi.
19:12 of 1st period - Shot Blocked by Zack Hamill.
Goals for this period are 0 for Punishers vs 3 for Influenza.
Shots for this period are 5 for Punishers vs 13 for Influenza.

2nd period


0:01 of 2nd period - Zack Hamill wins face-off versus Jeremy Morin in neutral zone.
0:49 of 2nd period - Slapshot by Luke Adam.
0:49 of 2nd period - Deflect By Garnet Hathaway.
0:49 of 2nd period - Stopped by Thomas McCollum with a rebound.
0:55 of 2nd period - Slapshot by Matt Corrente.
0:55 of 2nd period - Stopped by Niklas Svedberg with a rebound.
1:05 of 2nd period - Wrist shot by Stefan Elliott.
1:05 of 2nd period - Shot Blocked by Jeff May.
1:07 of 2nd period - Slapshot by Stefan Elliott.
1:07 of 2nd period - Stopped by Thomas McCollum without a rebound.
1:08 of 2nd period - Jordan Schroeder wins face-off versus Quinton Howden in Influenza zone.
1:39 of 2nd period - Wrist shot by Jordan Schroeder.
1:39 of 2nd period - Shot Misses the Net.
1:41 of 2nd period - Snap shot by Jordan Schroeder.
1:41 of 2nd period - Shot Blocked by Jordan Schmaltz.
1:49 of 2nd period - Wrist shot by Iiro Pakarinen.
1:49 of 2nd period - Stopped by Niklas Svedberg with a rebound.
1:51 of 2nd period - Slapshot by Jeff May.
1:51 of 2nd period - Shot Misses the Net.
1:57 of 2nd period - Wrist shot by Iiro Pakarinen.
1:57 of 2nd period - Shot Misses the Net.
1:59 of 2nd period - Backhand shot by Iiro Pakarinen.
1:59 of 2nd period - Stopped by Niklas Svedberg with a rebound.
2:01 of 2nd period - Snap shot by Dmitry Sinitsyn.
2:01 of 2nd period - Shot Blocked by Carter Ashton.
2:27 of 2nd period - Wrist shot by Iiro Pakarinen.
2:27 of 2nd period - Shot Blocked by Carter Ashton.
2:29 of 2nd period - Snap shot by Jeff May.
2:29 of 2nd period - Shot Misses the Net.
2:41 of 2nd period - Snap shot by Jordan Schroeder.
2:41 of 2nd period - Shot Misses the Net.
2:47 of 2nd period - Slapshot by Jordan Schroeder.
2:47 of 2nd period - Deflect By Johan Larsson.
2:47 of 2nd period - Stopped by Niklas Svedberg with a rebound.
2:49 of 2nd period - Wrist shot by Jordan Schroeder.
2:49 of 2nd period - Stopped by Niklas Svedberg with a rebound.
2:51 of 2nd period - Snap shot by Jordan Schroeder.
2:51 of 2nd period - Shot Misses the Net.
2:53 of 2nd period - Wrist shot by Jeff May.
2:53 of 2nd period - Deflect By Jordan Schroeder.
2:53 of 2nd period - Shot Blocked by Jordan Schmaltz.
2:53 of 2nd period - Puck is out of play.
2:54 of 2nd period - Zack Hamill wins face-off versus Mark Scheifele in Punishers zone.
2:56 of 2nd period - Minor Penalty to David Laliberté for Hooking.
2:57 of 2nd period - Mark Scheifele wins face-off versus Zack Hamill in Punishers zone.
2:59 of 2nd period - Snap shot by Mark Scheifele.
2:59 of 2nd period - Deflect By Zack Hamill.
2:59 of 2nd period - Shot Misses the Net.
2:59 of 2nd period - Puck is out of play.
3:00 of 2nd period - Zack Hamill wins face-off versus Mark Scheifele in Punishers zone.
3:11 of 2nd period - Wrist shot by Mark Scheifele.
3:11 of 2nd period - Deflect By Jeremy Morin.
3:11 of 2nd period - Stopped by Niklas Svedberg without a rebound.
3:12 of 2nd period - Zack Hamill wins face-off versus Mark Scheifele in Punishers zone.
3:18 of 2nd period - Icing by Lane MacDermid.
3:19 of 2nd period - Zack Hamill wins face-off versus Mark Scheifele in Influenza zone.
3:30 of 2nd period - Wrist shot by Matt Corrente.
3:30 of 2nd period - Stopped by Niklas Svedberg without a rebound.
3:31 of 2nd period - Zack Hamill wins face-off versus Mark Scheifele in Punishers zone.
3:36 of 2nd period - Jeremy Morin is hit by Stefan Elliott and loses puck.
3:47 of 2nd period - Slapshot by Matt Corrente.
3:47 of 2nd period - Shot Blocked by Robbie Earl.
3:57 of 2nd period - Minor Penalty to Jeremy Morin for Holding.
3:58 of 2nd period - Zack Hamill wins face-off versus Mark Scheifele in Influenza zone.
4:19 of 2nd period - Jeff May is hit by Stefan Elliott.
4:40 of 2nd period - Off-side.
4:41 of 2nd period - Jordan Schroeder wins face-off versus Tanner Glass in neutral zone.
4:50 of 2nd period - Wrist shot by Iiro Pakarinen.
4:50 of 2nd period - Shot Blocked by Stefan Elliott.
4:56 of 2nd period - Penalty to David Laliberté is over, David Laliberté is back on ice.
4:56 of 2nd period - Jordan Schroeder is hit by Tanner Glass and loses puck.
5:01 of 2nd period - Snap shot by Tanner Glass.
5:01 of 2nd period - Shot Misses the Net.
5:03 of 2nd period - Snap shot by Tanner Glass.
5:03 of 2nd period - Shot Misses the Net.
5:05 of 2nd period - Slapshot by Stefan Elliott.
5:05 of 2nd period - Stopped by Thomas McCollum with a rebound.
5:09 of 2nd period - Wrist shot by David Laliberté.
5:09 of 2nd period - Stopped by Thomas McCollum with a rebound.
5:11 of 2nd period - Snap shot by Stefan Elliott.
5:11 of 2nd period - Goal by Stefan Elliott - Punishers : 1 - Influenza : 3.
5:12 of 2nd period - Mark Scheifele wins face-off versus Zack Hamill in neutral zone.
5:16 of 2nd period - Off-side.
5:17 of 2nd period - Mark Scheifele wins face-off versus Zack Hamill in neutral zone.
5:20 of 2nd period - Zack Hamill is hit by Mark Scheifele and loses puck.
5:57 of 2nd period - Damon Severson is hit by Mathieu Carle and loses puck.
6:12 of 2nd period - Matt Corrente is hit by Garret Ross and loses puck.
6:52 of 2nd period - Matt Corrente is hit by Erik Nystrom and loses puck.
6:57 of 2nd period - Snap shot by Carter Ashton.
6:57 of 2nd period - Shot Misses the Net.
7:26 of 2nd period - Snap shot by Dan Bertram.
7:26 of 2nd period - Stopped by Thomas McCollum with a rebound.
7:51 of 2nd period - Zack Hamill is hit by Lane MacDermid and loses puck.
8:06 of 2nd period - Snap shot by T.J Galiardi.
8:06 of 2nd period - Shot Misses the Net.
8:08 of 2nd period - Wrist shot by Mark Scheifele.
8:08 of 2nd period - Stopped by Niklas Svedberg with a rebound.
8:10 of 2nd period - Slapshot by Mark Scheifele.
8:10 of 2nd period - Stopped by Niklas Svedberg without a rebound.
8:11 of 2nd period - Casey Cizikas wins face-off versus Charlie Coyle in Punishers zone.
8:11 of 2nd period - Casey Cizikas is hit by Beau Bennett.
8:27 of 2nd period - Snap shot by Mathieu Carle.
8:27 of 2nd period - Shot Blocked by Damon Severson.
8:37 of 2nd period - Tanner Glass is hit by Mark Olver.
8:44 of 2nd period - Minor Penalty to Tim Erixon for Hooking.
8:45 of 2nd period - Zack Hamill wins face-off versus Mark Olver in Influenza zone.
9:14 of 2nd period - Snap shot by Tanner Glass.
9:14 of 2nd period - Deflect By Mark Olver.
9:14 of 2nd period - Shot Blocked by Jeff May.
9:14 of 2nd period - Puck is out of play.
9:15 of 2nd period - Zack Hamill wins face-off versus Mark Olver in Influenza zone.
10:08 of 2nd period - Slapshot by Mathieu Carle.
10:08 of 2nd period - Deflect By Iiro Pakarinen.
10:08 of 2nd period - Shot Blocked by Stefan Elliott.
10:08 of 2nd period - Puck is out of play.
10:09 of 2nd period - Zack Hamill wins face-off versus Iiro Pakarinen in Punishers zone.
10:31 of 2nd period - Icing by Mattias Tedenby.
10:32 of 2nd period - Casey Cizikas wins face-off versus Mark Olver in Punishers zone.
10:44 of 2nd period - Penalty to Tim Erixon is over, Tim Erixon is back on ice.
10:48 of 2nd period - Slapshot by Robbie Earl.
10:48 of 2nd period - Shot Misses the Net.
11:20 of 2nd period - Slapshot by Jimmy Vesey.
11:20 of 2nd period - Shot Blocked by Stefan Elliott.
11:28 of 2nd period - Snap shot by Beau Bennett.
11:28 of 2nd period - Stopped by Niklas Svedberg without a rebound.
11:29 of 2nd period - Beau Bennett wins face-off versus Zack Hamill in Punishers zone.
12:25 of 2nd period - Trevor Van Riemsdyk is hit by Mathieu Carle and loses puck.
13:08 of 2nd period - Slapshot by Stefan Elliott.
13:08 of 2nd period - Shot Blocked by Dmitry Sinitsyn.
13:10 of 2nd period - Snap shot by Damon Severson.
13:10 of 2nd period - Shot Blocked by Jeff May.
13:27 of 2nd period - Slapshot by Mattias Tedenby.
13:27 of 2nd period - Shot Misses the Net.
13:43 of 2nd period - Slapshot by Garret Ross.
13:43 of 2nd period - Stopped by Thomas McCollum without a rebound.
13:44 of 2nd period - Jordan Schroeder wins face-off versus Luke Adam in Influenza zone.
14:09 of 2nd period - Tim Erixon is hit by Robbie Earl and loses puck.
14:16 of 2nd period - David Laliberté is hit by T.J Galiardi and loses puck.
14:33 of 2nd period - Beau Bennett is hit by Casey Cizikas and loses puck.
14:38 of 2nd period - Wrist shot by Mattias Tedenby.
14:38 of 2nd period - Stopped by Thomas McCollum with a rebound.
14:50 of 2nd period - Wrist shot by Lane MacDermid.
14:50 of 2nd period - Stopped by Niklas Svedberg without a rebound.
14:51 of 2nd period - Mark Olver wins face-off versus Erik Nystrom in Punishers zone.
15:04 of 2nd period - Snap shot by Quinton Howden.
15:04 of 2nd period - Stopped by Thomas McCollum with a rebound.
15:51 of 2nd period - Stefan Elliott is hit by Jordan Schroeder and loses puck.
16:04 of 2nd period - Luke Adam is hit by Charlie Coyle and loses puck.
16:25 of 2nd period - Lane MacDermid is hit by Damon Severson and loses puck.
16:37 of 2nd period - Slapshot by Quinton Howden.
16:37 of 2nd period - Stopped by Thomas McCollum with a rebound.
16:53 of 2nd period - Snap shot by Carter Ashton.
16:53 of 2nd period - Stopped by Thomas McCollum without a rebound.
16:54 of 2nd period - Zack Hamill wins face-off versus Mark Scheifele in Influenza zone.
16:57 of 2nd period - Slapshot by Zack Hamill.
16:57 of 2nd period - Shot Misses the Net.
16:59 of 2nd period - Slapshot by Patrick Wiercioch.
16:59 of 2nd period - Shot Blocked by Jeremy Morin.
17:01 of 2nd period - Slapshot by Jordan Schmaltz.
17:01 of 2nd period - Shot Misses the Net.
17:03 of 2nd period - Slapshot by David Laliberté.
17:03 of 2nd period - Shot Misses the Net.
17:05 of 2nd period - Snap shot by Patrick Wiercioch.
17:05 of 2nd period - Deflect By Zack Hamill.
17:05 of 2nd period - Shot Misses the Net.
17:05 of 2nd period - Puck is out of play.
17:06 of 2nd period - Zack Hamill wins face-off versus Mark Scheifele in Influenza zone.
17:26 of 2nd period - Icing by David Laliberté.
17:27 of 2nd period - Zack Hamill wins face-off versus Charlie Coyle in Punishers zone.
17:32 of 2nd period - Slapshot by Patrick Wiercioch.
17:32 of 2nd period - Shot Misses the Net.
17:34 of 2nd period - Minor Penalty to Beau Bennett for Slashing.
17:35 of 2nd period - Zack Hamill wins face-off versus Mark Olver in Influenza zone.
17:42 of 2nd period - Wrist shot by David Laliberté.
17:42 of 2nd period - Stopped by Thomas McCollum without a rebound.
17:43 of 2nd period - Zack Hamill wins face-off versus Mark Olver in Influenza zone.
19:34 of 2nd period - Penalty to Beau Bennett is over, Beau Bennett is back on ice.
19:44 of 2nd period - Off-side.
19:45 of 2nd period - Luke Adam wins face-off versus Beau Bennett in neutral zone.
Goals for this period are 1 for Punishers vs 0 for Influenza.
Shots for this period are 12 for Punishers vs 11 for Influenza.

3rd period


0:01 of 3rd period - Zack Hamill wins face-off versus Mark Scheifele in neutral zone.
0:05 of 3rd period - Icing by Mathieu Carle.
0:06 of 3rd period - Zack Hamill wins face-off versus Mark Scheifele in Influenza zone.
0:07 of 3rd period - Snap shot by Robbie Earl.
0:07 of 3rd period - Shot Hit the Post.
0:09 of 3rd period - Slapshot by Stefan Elliott.
0:09 of 3rd period - Stopped by Thomas McCollum with a rebound.
0:11 of 3rd period - Slapshot by Stefan Elliott.
0:11 of 3rd period - Shot Misses the Net.
0:13 of 3rd period - Wrist shot by Zack Hamill.
0:13 of 3rd period - Stopped by Thomas McCollum without a rebound.
0:14 of 3rd period - Zack Hamill wins face-off versus Mark Scheifele in Influenza zone.
0:17 of 3rd period - Wrist shot by Zack Hamill.
0:17 of 3rd period - Stopped by Thomas McCollum without a rebound.
0:18 of 3rd period - Mark Scheifele wins face-off versus Zack Hamill in Influenza zone.
0:43 of 3rd period - Damon Severson is hit by Charlie Coyle.
1:05 of 3rd period - Quinton Howden is hit by Mark Olver and loses puck.
1:14 of 3rd period - Slapshot by Garnet Hathaway.
1:14 of 3rd period - Shot Misses the Net.
1:16 of 3rd period - Snap shot by Lane MacDermid.
1:16 of 3rd period - Shot Blocked by Patrick Wiercioch.
2:36 of 3rd period - Wrist shot by Robbie Earl.
2:36 of 3rd period - Goal by Robbie Earl - Punishers : 2 - Influenza : 3.
2:37 of 3rd period - Casey Cizikas wins face-off versus Mark Scheifele in neutral zone.
2:46 of 3rd period - Snap shot by Casey Cizikas.
2:46 of 3rd period - Stopped by Thomas McCollum with a rebound.
2:51 of 3rd period - Icing by T.J Galiardi.
2:52 of 3rd period - Luke Adam wins face-off versus Mark Scheifele in Influenza zone.
2:54 of 3rd period - Minor Penalty to Stefan Elliott for Interference.
2:55 of 3rd period - Mark Scheifele wins face-off versus Zack Hamill in Punishers zone.
2:57 of 3rd period - Slapshot by Jeremy Morin.
2:57 of 3rd period - Stopped by Niklas Svedberg without a rebound.
2:58 of 3rd period - Mark Scheifele wins face-off versus Zack Hamill in Punishers zone.
2:59 of 3rd period - Slapshot by Matt Corrente.
2:59 of 3rd period - Shot Misses the Net.
3:01 of 3rd period - Snap shot by Lane MacDermid.
3:01 of 3rd period - Shot Blocked by Zack Hamill.
3:03 of 3rd period - Snap shot by Mark Scheifele.
3:03 of 3rd period - Shot Blocked by Dylan DeMelo.
3:05 of 3rd period - Slapshot by Mathieu Carle.
3:05 of 3rd period - Shot Blocked by Zack Hamill.
3:07 of 3rd period - Slapshot by Mathieu Carle.
3:07 of 3rd period - Stopped by Niklas Svedberg without a rebound.
3:08 of 3rd period - Zack Hamill wins face-off versus Mark Scheifele in Punishers zone.
3:23 of 3rd period - Snap shot by Mark Scheifele.
3:23 of 3rd period - Goal by Mark Scheifele - Punishers : 2 - Influenza : 4.
3:24 of 3rd period - Robbie Earl wins face-off versus Jeremy Morin in neutral zone.
3:35 of 3rd period - Snap shot by Zack Hamill.
3:35 of 3rd period - Shot Misses the Net.
3:37 of 3rd period - Snap shot by Zack Hamill.
3:37 of 3rd period - Shot Hit the Post.
3:39 of 3rd period - Slapshot by Robbie Earl.
3:39 of 3rd period - Shot Misses the Net.
3:49 of 3rd period - Mattias Tedenby is hit by Charlie Coyle and loses puck.
3:54 of 3rd period - Slapshot by Jimmy Vesey.
3:54 of 3rd period - Shot Misses the Net.
3:56 of 3rd period - Wrist shot by Matt Corrente.
3:56 of 3rd period - Shot Misses the Net.
3:58 of 3rd period - Slapshot by Matt Corrente.
3:58 of 3rd period - Shot Misses the Net.
4:00 of 3rd period - Slapshot by Paul Ladue.
4:00 of 3rd period - Stopped by Niklas Svedberg with a rebound.
4:02 of 3rd period - Snap shot by Matt Corrente.
4:02 of 3rd period - Stopped by Niklas Svedberg without a rebound.
4:03 of 3rd period - T.J Galiardi wins face-off versus Zack Hamill in Punishers zone.
4:18 of 3rd period - Wrist shot by Mark Scheifele.
4:18 of 3rd period - Stopped by Niklas Svedberg with a rebound.
4:57 of 3rd period - Icing by Matt Corrente.
4:58 of 3rd period - Casey Cizikas wins face-off versus Charlie Coyle in Influenza zone.
5:01 of 3rd period - Wrist shot by Tanner Glass.
5:01 of 3rd period - Deflect By Mattias Tedenby.
5:01 of 3rd period - Shot Blocked by Charlie Coyle.
5:01 of 3rd period - Puck is out of play.
5:02 of 3rd period - T.J Galiardi wins face-off versus Casey Cizikas in Influenza zone.
5:53 of 3rd period - Snap shot by Quinton Howden.
5:53 of 3rd period - Stopped by Thomas McCollum with a rebound.
5:55 of 3rd period - Slapshot by Damon Severson.
5:55 of 3rd period - Stopped by Thomas McCollum with a rebound.
5:57 of 3rd period - Slapshot by Erik Nystrom.
5:57 of 3rd period - Shot Misses the Net.
5:59 of 3rd period - Wrist shot by Quinton Howden.
5:59 of 3rd period - Shot Misses the Net.
6:01 of 3rd period - Slapshot by Damon Severson.
6:01 of 3rd period - Stopped by Thomas McCollum without a rebound.
6:02 of 3rd period - Zack Hamill wins face-off versus Mark Scheifele in Influenza zone.
6:39 of 3rd period - Icing by Jimmy Vesey.
6:40 of 3rd period - Charlie Coyle wins face-off versus Robbie Earl in Influenza zone.
6:40 of 3rd period - Charlie Coyle is hit by Robbie Earl.
6:48 of 3rd period - Wrist shot by Zack Hamill.
6:48 of 3rd period - Shot Misses the Net.
6:50 of 3rd period - Backhand shot by Dylan DeMelo.
6:50 of 3rd period - Shot Misses the Net.
7:02 of 3rd period - Dylan DeMelo is hit by Jimmy Vesey.
7:08 of 3rd period - Slapshot by Jimmy Vesey.
7:08 of 3rd period - Stopped by Niklas Svedberg with a rebound.
7:40 of 3rd period - Wrist shot by T.J Galiardi.
7:40 of 3rd period - Shot Misses the Net.
7:54 of 3rd period - Snap shot by Mark Olver.
7:54 of 3rd period - Shot Blocked by Erik Nystrom.
8:32 of 3rd period - Mark Scheifele is hit by Patrick Wiercioch and loses puck.
9:40 of 3rd period - Off-side.
9:41 of 3rd period - Quinton Howden wins face-off versus Jordan Schroeder in neutral zone.
10:45 of 3rd period - Snap shot by Jimmy Vesey.
10:45 of 3rd period - Shot Misses the Net.
10:51 of 3rd period - Minor Penalty to Stefan Elliott for Holding.
10:52 of 3rd period - Zack Hamill wins face-off versus Lane MacDermid in Punishers zone.
10:52 of 3rd period - Zack Hamill is hit by Mark Scheifele.
11:33 of 3rd period - Wrist shot by Matt Corrente.
11:33 of 3rd period - Stopped by Niklas Svedberg with a rebound.
12:41 of 3rd period - Trevor Van Riemsdyk is hit by Paul Ladue and loses puck.
12:50 of 3rd period - Trevor Van Riemsdyk is hit by Jordan Schroeder and loses puck.
12:51 of 3rd period - Penalty to Stefan Elliott is over, Stefan Elliott is back on ice.
13:03 of 3rd period - Matt Corrente is hit by Tanner Glass.
13:54 of 3rd period - Garnet Hathaway is hit by Erik Nystrom and loses puck.
14:49 of 3rd period - Zack Hamill is hit by Paul Ladue.
17:03 of 3rd period - Matt Corrente is hit by Zack Hamill and loses puck.
17:38 of 3rd period - Mathieu Carle is hit by Mattias Tedenby and loses puck.
19:47 of 3rd period - Lane MacDermid is hit by Dan Bertram and loses puck.
Goals for this period are 1 for Punishers vs 1 for Influenza.
Shots for this period are 8 for Punishers vs 8 for Influenza.